Map: Ulrena

Players

capac

  • Race: Terran Terran
  • League: Gold

IgorBiscan - Winner!

  • Race: Terran Terran
  • League: Gold

VOD

Have the link to the VOD?

Description

Time

  • Played on: May 2, 2016, 12:42 p.m.
  • Length: 16:19
Show
View Real Time Build Order
Export as new Build Order

capac Terran 

Build Orders: Reaper Expand, Bio Tank 

Get SALT Encoding   

  12  0:02  SCV  
  13  0:14  SCV  
  14  0:18  Supply Depot  
  14  0:26  SCV  
  15  0:39  SCV  
  15  0:41  Barracks  
  16  0:46  Refinery  
  16  0:51  SCV  
  17  1:03  SCV  
  18  1:16  SCV  
  19  1:28  Orbital Command  
  19  1:31  Reaper  
  20  1:45  Command Center  
  20  1:58  SCV  
  21  2:07  Supply Depot  
  21  2:18  Barracks Reactor  
  21  2:20  Barracks  
  21  2:27  Factory  
  21  2:38  SCV  
  21  2:43  Refinery  
  22  2:51  SCV  
  23  2:55  Marine x2  
  25  3:03  Orbital Command  
  25  3:09  SCV  
  26  3:13  Factory Tech Lab  
  26  3:18  Starport  
  26  3:21  SCV  
  27  3:29  SCV  
  27  3:33  SCV  
  29  3:39  Barracks Tech Lab  
  29  3:41  SCV  
  30  3:45  SCV  
  31  3:49  Barracks  
  31  3:50  Barracks  
  31  3:52  Siege Tank  
  31  3:53  SCV  
  31  3:54  Marine  
  36  3:57  SCV  
  36  3:59  Marine  
  38  4:04  Starport Reactor  
  38  4:07  SCV  
  39  4:16  Refinery  
  39  4:20  Marine x3  
  42  4:25  SCV x2  
  44  4:37  Marine  
  44  4:38  Marine  
  46  4:41  Supply Depot  
  46  4:42  Supply Depot  
  46  4:44  SCV x2  
  48  4:45  Stimpack  
  48  4:47  Medivac x2  
  48  4:48  Marine  
  53  4:56  SCV  
  53  4:59  Refinery  
  54  5:03  SCV  
  54  5:05  Supply Depot  
  55  5:08  SCV  
  55  5:10  Engineering Bay  
  55  5:11  Barracks Reactor x2  
  56  5:15  SCV  
  56  5:16  Marine x3  
  60  5:24  Siege Tank  
  63  5:31  Supply Depot  
  63  5:32  SCV x2  
  65  5:37  Marine x3  
  65  5:40  Viking  
  70  5:46  SCV x2  
  70  5:47  Supply Depot  
  72  5:52  Marine x2  
  72  5:53  Marine  
  75  6:07  Supply Depot, SCV x2  
  75  6:10  Viking  
  75  6:11  Viking  
  81  6:14  Siege Tank  
  81  6:16  Supply Depot  
  84  6:19  SCV x2  
  84  6:24  Marine x3  
  84  6:25  Marine x2  
  91  6:32  Terran Infantry Weapons Level 1  
  91  6:39  Supply Depot  
  91  6:49  Medivac x2  
  91  6:50  Siege Tank  
  91  6:52  Marine x4  
  91  6:53  Marine x2, Combat Shields  
  104  6:58  Supply Depot  
  104  7:05  Supply Depot  
  104  7:16  Marine x2  
  104  7:17  Marine x4  
  104  7:18  Marine  
  104  7:19  Medivac x2  
  115  7:28  Supply Depot  
  115  7:35  Command Center  
  115  7:41  SCV  
  115  7:42  SCV  
  115  7:44  Marine x4  
  120  8:01  Siege Tank  
  123  8:22  Marine x2, Armory  
  123  8:23  Marine x4  
  123  8:24  Marauder  
  131  8:34  Siege Tank  
  134  8:40  Factory  
  134  8:41  Starport  
  134  8:42  Marine x5  
  139  8:50  Supply Depot  
  139  8:56  Terran Infantry Armor Level 1  
  139  9:06  Viking x2, Siege Tank  
  139  9:09  Engineering Bay  
  146  9:19  Supply Depot, Starport Reactor  
  146  9:23  SCV x2  
  148  9:34  Orbital Command  
  148  9:40  Marine x5  
  148  9:41  Marine  
  148  9:42  Viking x2  
  148  9:44  Siege Tank  
  161  9:45  Factory Tech Lab  
  161  9:53  Barracks  
  161  9:55  Supply Depot  
  161  9:56  Terran Infantry Weapons Level 2  
  161  10:01  Supply Depot  
  161  10:26  Supply Depot  
  161  10:27  Terran Ship Weapons Level 1  
  161  10:28  Marine x5  
  162  10:29  Marauder, Marine  
  162  10:30  Siege Tank x2  
  162  10:33  Medivac  
  162  10:34  Medivac  
  179  10:42  Barracks Reactor  
  179  10:46  Barracks  
  178  11:05  Medivac  
  178  11:06  Medivac  
  182  11:18  Marine x4  
  183  11:19  Marine x2  
  183  11:20  Marine x2  
  190  11:30  Missile Turret  
  190  11:31  Terran Infantry Armor Level 2  
  190  11:33  Supply Depot  
  145  12:11  Marine x2  
  145  12:12  Marine  
  145  12:15  Marine x3  
  135  12:16  Marine x3  
  129  12:29  Marine  
  126  12:31  Medivac x3  
  126  12:32  Marine x2  
  126  12:33  Marine x3  
  137  12:37  Refinery  
  137  12:38  Refinery, Barracks Reactor  
  137  12:43  Marine x3  
  139  13:03  Medivac x4  
  147  13:06  SCV x2  
  147  13:07  SCV  
  150  13:17  Concussive Shells  
  150  13:18  Marauder  
  150  13:19  Marine x2  
  153  13:20  Marine x7  
  153  13:21  Marine  
  162  13:37  Marine x3  
  162  13:39  Command Center  
  162  13:40  Marauder  
  167  13:53  Marine  
  167  13:54  Marine x6  
  167  13:55  Marine x3  
  175  14:00  Marine  
  170  14:11  Marine  
  170  14:12  Marine x6  
  170  14:13  Marine x3  
  166  14:18  Marine  
  166  14:20  Medivac x4  
  173  14:29  Marine x6  
  173  14:30  Marine  
  162  14:50  Medivac x3  
  104  15:00  Marine x2  
  104  15:01  Marine x6  
  104  15:02  Marine x3  
  104  15:05  Medivac  
  108  15:18  Marine  
  109  15:24  Marine x4  
  109  15:25  Marine x6  
  86  15:36  Marine  
  86  15:42  Marine x4  
Show
View Real Time Build Order
Export as new Build Order

IgorBiscan Terran - Winner!

Build Orders: MMM Bio 

Get SALT Encoding   

  12  0:03  SCV  
  13  0:15  SCV  
  13  0:18  Supply Depot  
  14  0:27  SCV  
  15  0:39  SCV  
  15  0:41  Barracks  
  16  0:51  Refinery  
  16  0:52  SCV  
  17  1:04  SCV  
  18  1:16  SCV  
  19  1:32  Command Center  
  19  1:35  Marine  
  20  1:44  SCV  
  21  1:56  SCV  
  22  2:03  Bunker  
  22  2:04  Marine  
  23  2:09  Orbital Command  
  23  2:16  Supply Depot  
  23  2:28  Factory  
  23  2:38  Marine, SCV  
  25  2:44  Refinery  
  25  2:50  SCV  
  26  2:56  Marine  
  26  2:57  Orbital Command  
  27  3:02  SCV  
  28  3:11  Starport  
  28  3:13  Factory Tech Lab  
  28  3:16  Barracks Tech Lab  
  28  3:19  SCV  
  29  3:30  Engineering Bay  
  29  3:32  SCV  
  30  3:35  Marine  
  30  3:38  Stimpack  
  31  3:50  Siege Tank  
  31  3:53  Marine  
  31  3:54  SCV x2  
  37  4:00  Missile Turret  
  37  4:05  Missile Turret  
  37  4:06  SCV x2  
  39  4:14  Barracks  
  39  4:17  Viking  
  39  4:21  SCV x2  
  43  4:37  SCV x2  
  45  4:40  Marine  
  46  4:47  Barracks  
  46  4:49  Refinery  
  46  4:52  Refinery  
  46  4:53  Supply Depot  
  46  4:54  Starport Reactor  
  46  4:57  Terran Infantry Armor Level 1  
  46  5:04  Barracks Reactor  
  46  5:14  Marine, Siege Tank, SCV  
  46  5:20  SCV  
  52  5:26  SCV  
  53  5:32  SCV  
  54  5:40  Barracks Reactor  
  54  5:45  Combat Shields  
  54  5:46  Supply Depot  
  54  5:47  Supply Depot  
  54  5:57  Marine x3, SCV x2, Medivac  
  61  6:04  Supply Depot  
  61  6:07  Medivac  
  61  6:09  SCV x2  
  65  6:13  Siege Tank  
  65  6:15  Marine x3  
  71  6:21  SCV, Missile Turret  
  71  6:22  SCV  
  71  6:25  Missile Turret  
  73  6:28  Supply Depot  
  73  6:30  Supply Depot, Marine  
  73  6:31  Marine  
  75  6:33  Marine x3  
  75  6:34  SCV x2  
  75  6:37  Barracks  
  80  6:46  SCV  
  81  6:47  Armory  
  81  6:48  Marine x2  
  81  6:50  Marine  
  81  6:51  Terran Infantry Weapons Level 1, Engineering Bay  
  81  6:53  Marine  
  85  6:54  Medivac x2  
  85  6:59  Siege Tank  
  92  7:02  SCV x2  
  94  7:08  Marine  
  94  7:09  Marine x2  
  94  7:10  Marine  
  94  7:11  Marine  
  99  7:17  Barracks  
  99  7:22  Supply Depot  
  99  7:41  Marine x3  
  99  7:43  Marine x3  
  105  7:45  Supply Depot  
  105  7:47  Medivac x2  
  107  7:59  Marine  
  107  8:02  Marine x2  
  110  8:05  Barracks Reactor  
  110  8:06  Marine  
  111  8:13  Starport  
  111  8:15  Starport, Command Center  
  111  8:22  Marine x3  
  111  8:23  Marine  
  111  8:25  Sensor Tower  
  111  8:26  Terran Infantry Armor Level 2  
  115  8:39  Marine  
  115  8:40  Marine x2  
  118  8:47  Supply Depot  
  118  8:49  Supply Depot  
  118  8:51  Terran Infantry Weapons Level 2  
  118  9:08  Viking x2  
  122  9:12  Supply Depot  
  122  9:14  Barracks Reactor  
  122  9:17  Liberator x2  
  122  9:21  Liberator  
  122  9:31  Refinery  
  122  9:32  Orbital Command  
  128  9:42  Marine x6  
  128  9:43  Marine  
  138  9:46  Liberator  
  138  9:55  Refinery  
  138  9:59  Marine  
  138  10:00  Marine x6, Liberator  
  138  10:01  Marine x2  
  150  10:12  Supply Depot  
  150  10:14  Supply Depot  
  150  10:17  Marine x2  
  150  10:18  Marine  
  150  10:20  Supply Depot  
  155  10:22  Viking  
  155  10:25  Supply Depot  
  157  10:32  Supply Depot  
  157  10:34  Viking, Supply Depot, Marine  
  160  10:40  Marine x4  
  160  10:41  Marine  
  160  10:42  Marine  
  166  10:46  Viking  
  168  10:51  Marine  
  168  10:52  Viking, Marine  
  172  11:00  Viking  
  172  11:02  Terran Infantry Armor Level 3  
  172  11:04  Viking, Marine x2  
  178  11:13  Siege Tank  
  178  11:16  Viking  
  183  11:31  Marine x3  
  183  11:32  Marine x6  
  192  11:45  Siege Tank  
  190  11:49  Marine  
  122  12:22  Marine x4  
  109  12:23  Marine  
  97  12:33  Viking x3  
  97  12:34  Viking  
  105  12:41  Marine x3  
  105  12:42  Marine x2  
  105  12:43  Marine  
  105  12:44  Marine  
  108  13:03  Viking, Liberator x2  
  108  13:04  Viking, Marine x2  
  108  13:05  Marine x6  
  121  13:06  Marine  
  121  13:12  Siege Tank  
  124  13:22  Marine x3  
  124  13:23  Marine x4  
  124  13:24  Marine x2  
  139  13:33  Viking x2  
  143  13:40  Marine x3  
  146  13:45  Siege Tank  
  146  13:46  Liberator x4  
  137  14:28  Liberator  
  137  14:29  Liberator x3  
  116  14:57  Marine x7  
  116  14:58  Marine x2  
  121  15:14  Marine x2  
  121  15:15  Marine x5  
  125  15:28  Marine x2  
  118  15:32  Marine x3  
  118  15:33  Marine  
  124  15:38  Marine x3  
  127  15:46  Marine x2  
  129  15:50  Marine x4  
  129  15:52  Command Center  
  129  15:56  Marine x3  
  136  15:58  Command Center  
Tags
 
Composition
Bio TankMMM Bio
League
GoldGold
Matchup
TvT
Race
Terran
Add a new tag
Caveats
  • Supply blocks, unpowered buildings, or Contaminate may cause inaccurate times.
  • Supply counts are checked every 10 seconds.